BR (22 & UNDER)
PUNTA CANA HUTIAS @ CORONADO ECLIPSE
08/18/2029
 
TOP OF THE 1ST
Punta Cana Hutias batting - Pitching for Coronado Eclipse : RHP William Stephens
Pitching: RHP William Stephens
Batting: LHB Dave Watkins 0-0: Called Strike
0-1: Foul Ball, location: 2F
0-2: Strikes out swinging
Batting: LHB Luis García 0-0: Called Strike
0-1: Called Strike
0-2: Foul Ball, location: 2F
0-2: Strikes out swinging
Batting: LHB Norberto Garza 0-0: Ball
1-0: Called Strike
1-1: Ball
2-1: Swinging Strike
2-2: Strikes out looking
Top of the 1st over - 0 runs, 0 hits, 0 errors, 0 left on base; Punta Cana 0 - Coronado 0
BOTTOM OF THE 1ST
Coronado Eclipse batting - Pitching for Punta Cana Hutias : LHP José Ulerio
Pitching: LHP José Ulerio
Batting: RHB Arturo Franco 0-0: Ball
1-0: Swinging Strike
1-1: Foul Ball, location: 2F
1-2: Ground out U3 (Groundball, 34)
Batting: SHB Luis Sotelo 0-0: Swinging Strike
0-1: Ball
1-1: Ball
2-1: Ball
3-1: Foul Ball, location: 2F
3-2: Base on Balls
Batting: RHB Júlio Serra 0-0: Called Strike
0-1: Called Strike
0-2: Strikes out swinging
Batting: RHB Ramón Sánchez 0-0: Called Strike
Luis Sotelo steals 2nd base
0-1: Foul Ball, location: 2F
0-2: Foul Ball, location: 2F
0-2: Ball
1-2: Strikes out swinging
Bottom of the 1st over - 0 runs, 0 hits, 0 errors, 1 left on base; Punta Cana 0 - Coronado 0
TOP OF THE 2ND
Punta Cana Hutias batting - Pitching for Coronado Eclipse : RHP William Stephens
Batting: RHB Mike Martínez 0-0: Ball
1-0: Ground out 6-3 (Groundball, 6S)
Batting: LHB Harry Davis 0-0: Ball
1-0: Called Strike
1-1: Ball
2-1: Ball
3-1: Foul Ball, location: 2F
3-2: Strikes out swinging, 2-3 out at first.
Batting: LHB Don MacNeill 0-0: Called Strike
0-1: Called Strike
0-2: Ball
1-2: Strikes out swinging
Top of the 2nd over - 0 runs, 0 hits, 0 errors, 0 left on base; Punta Cana 0 - Coronado 0
BOTTOM OF THE 2ND
Coronado Eclipse batting - Pitching for Punta Cana Hutias : LHP José Ulerio
Batting: RHB Fred Wagner 0-0: Called Strike
0-1: Fly out, F6 (Line Drive, 56)
Batting: LHB Todd Emery 0-0: Ball
1-0: Fly out, F8 (Flyball, 8RXD)
Batting: RHB Henry Cahill 0-0: Called Strike
0-1: Ball
1-1: DOUBLE (Line Drive, 8LD)
Batting: RHB Galtero Confalonieri 0-0: Swinging Strike
0-1: Ball
1-1: Ground out 4-3 (Groundball, 4)
Bottom of the 2nd over - 0 runs, 1 hit, 0 errors, 1 left on base; Punta Cana 0 - Coronado 0
TOP OF THE 3RD
Punta Cana Hutias batting - Pitching for Coronado Eclipse : RHP William Stephens
Batting: RHB Miguel Gutiérrez 0-0: Ball
1-0: Ball
2-0: Ball
3-0: Called Strike
3-1: Foul Ball, location: 2F
3-2: Foul Ball, location: 2F
3-2: Ground out 6-3 (Groundball, 6)
Batting: RHB Ricardo Murillo 0-0: Ball
1-0: Ball
2-0: Called Strike
2-1: Ball
3-1: Swinging Strike
3-2: Base on Balls
Batting: RHB Alfonso Huerta 0-0: Ball
Ricardo Murillo is caught stealing 2nd base
1-0: Ball
2-0: Ball
3-0: Base on Balls
Batting: LHB Dave Watkins 0-0: Ball
1-0: Foul Ball, location: 2F
1-1: Ball
2-1: Foul Ball, location: 2F
2-2: Ball
3-2: Base on Balls
Alfonso Huerta to second
Batting: LHB Luis García 0-0: Ball
1-0: Fly out, F9 (Flyball, 9S)
Top of the 3rd over - 0 runs, 0 hits, 0 errors, 2 left on base; Punta Cana 0 - Coronado 0
BOTTOM OF THE 3RD
Coronado Eclipse batting - Pitching for Punta Cana Hutias : LHP José Ulerio
Batting: LHB António Ramírez 0-0: Ball
1-0: Called Strike
1-1: Ball
2-1: Foul Ball, location: 2F
2-2: Ball
3-2: Base on Balls
Batting: RHB Arturo Franco 0-0: Foul Ball, location: 2F
0-1: Ball
1-1: Called Strike
1-2: Ball
2-2: Strikes out looking
Batting: SHB Luis Sotelo 0-0: Grounds into double play, 6-4-3 (Groundball, 6)
Bottom of the 3rd over - 0 runs, 0 hits, 0 errors, 0 left on base; Punta Cana 0 - Coronado 0
TOP OF THE 4TH
Punta Cana Hutias batting - Pitching for Coronado Eclipse : RHP William Stephens
Batting: LHB Norberto Garza 0-0: Foul Ball, location: 2F
0-1: Foul Ball, location: 2F
0-2: Foul Ball, location: 2F
0-2: Ground out 6-3 (Groundball, 6S)
Batting: RHB Mike Martínez 0-0: Ball
1-0: Ball
2-0: Called Strike
2-1: Swinging Strike
2-2: Foul Ball, location: 2F
2-2: Foul Ball, location: 2F
2-2: Strikes out looking
Batting: LHB Harry Davis 0-0: SINGLE (Line Drive, 8RS)
Batting: LHB Don MacNeill 0-0: Ball
1-0: Swinging Strike
1-1: Foul Ball, location: 2F
1-2: Strikes out swinging
Top of the 4th over - 0 runs, 1 hit, 0 errors, 1 left on base; Punta Cana 0 - Coronado 0
BOTTOM OF THE 4TH
Coronado Eclipse batting - Pitching for Punta Cana Hutias : LHP José Ulerio
Batting: RHB Júlio Serra 0-0: Called Strike
0-1: Ball
1-1: SINGLE (Line Drive, 5)
Batting: RHB Ramón Sánchez 0-0: Ball
1-0: Ball
2-0: Ball
3-0: Foul Ball, location: 2F
3-1: Swinging Strike
3-2: SINGLE (Groundball, 34S) (infield hit)
Júlio Serra to second
Batting: RHB Fred Wagner 0-0: Ball
1-0: Called Strike
1-1: Called Strike
1-2: Strikes out swinging
Batting: LHB Todd Emery 0-0: Called Strike
0-1: 3-RUN HOME RUN (Line Drive, 78XD), Distance : 386 ft
Batting: RHB Henry Cahill 0-0: Called Strike
0-1: Ball
1-1: Called Strike
1-2: Strikes out swinging
Batting: RHB Galtero Confalonieri 0-0: Ground out U3 (Groundball, 3)
Bottom of the 4th over - 3 runs, 3 hits, 0 errors, 0 left on base; Punta Cana 0 - Coronado 3
TOP OF THE 5TH
Punta Cana Hutias batting - Pitching for Coronado Eclipse : RHP William Stephens
Batting: RHB Miguel Gutiérrez 0-0: Swinging Strike
0-1: Ball
1-1: Ball
2-1: Ball
3-1: Called Strike
3-2: Strikes out swinging
Batting: RHB Ricardo Murillo 0-0: Swinging Strike
0-1: Ball
1-1: Ball
2-1: Foul Ball, location: 2F
2-2: Ball
3-2: Foul Ball, location: 2F
3-2: SINGLE (Groundball, 4M) (infield hit)
Batting: RHB Alfonso Huerta 0-0: Foul Ball, location: 2F
0-1: Ball
1-1: DOUBLE (Line Drive, 8LD)
Ricardo Murillo to third
Batting: LHB Dave Watkins 0-0: Swinging Strike
0-1: Ball
1-1: Fly out, F7 (Flyball, 7LSF)
Runner from 3rd tags up, SCORES, no throw
Batting: LHB Luis García 0-0: Ball
1-0: SINGLE (Groundball, 34D)
Alfonso Huerta to third
Runner from 3rd tries for Home, SAFE, no throw
Batting: LHB Norberto Garza 0-0: Ball
1-0: Ball
2-0: Called Strike
2-1: Ball
3-1: Base on Balls
Luis García to second
Batting: RHB Mike Martínez 0-0: Ball
1-0: Ball
2-0: Called Strike
2-1: Ground out 6-3 (Groundball, 6)
Top of the 5th over - 2 runs, 3 hits, 0 errors, 2 left on base; Punta Cana 2 - Coronado 3
BOTTOM OF THE 5TH
Coronado Eclipse batting - Pitching for Punta Cana Hutias : LHP José Ulerio
Batting: LHB António Ramírez 0-0: Called Strike
0-1: Ball
1-1: Ball
2-1: Fly out, F8 (Flyball, 78D)
Batting: RHB Arturo Franco 0-0: Ball
1-0: Ball
2-0: Ground out 4-3 (Groundball, 4D)
Batting: SHB Luis Sotelo 0-0: Fly out, F3 (Line Drive, 34)
Bottom of the 5th over - 0 runs, 0 hits, 0 errors, 0 left on base; Punta Cana 2 - Coronado 3
TOP OF THE 6TH
Punta Cana Hutias batting - Pitching for Coronado Eclipse : RHP William Stephens
Batting: LHB Harry Davis 0-0: SOLO HOME RUN (Line Drive, 9LD), Distance : 362 ft
Batting: LHB Don MacNeill 0-0: Ground out U3 (Groundball, 34S)
Batting: RHB Miguel Gutiérrez 0-0: SINGLE (Line Drive, 8RS)
Batting: RHB Ricardo Murillo 0-0: Ball
Miguel Gutiérrez steals 2nd base
1-0: Ball
2-0: Called Strike
2-1: Foul Ball, location: 2F
2-2: SINGLE (Groundball, 56S) (infield hit)
Miguel Gutiérrez to third
Pitching: RHP Robbie Martin
Batting: RHB Alfonso Huerta 0-0: Ball
1-0: Ball
2-0: Ball
3-0: Called Strike
3-1: Ground out 5-3 (Groundball, 56S)
Ricardo Murillo to second
Batting: LHB Dave Watkins 0-0: Called Strike
0-1: Foul Ball, location: 2F
0-2: Ball
1-2: Ball
2-2: Ball
3-2: Base on Balls
Batting: LHB Luis García 0-0: Ball
1-0: Ball
2-0: Ball
3-0: Base on Balls
Miguel Gutiérrez scores
Ricardo Murillo to third
Dave Watkins to second
Batting: LHB Norberto Garza 0-0: Foul Ball, location: 2F
0-1: Swinging Strike
0-2: Ball
1-2: Ball
2-2: Fly out, F5 (Popup, 56S)
Top of the 6th over - 2 runs, 3 hits, 0 errors, 3 left on base; Punta Cana 4 - Coronado 3
BOTTOM OF THE 6TH
Coronado Eclipse batting - Pitching for Punta Cana Hutias : LHP José Ulerio
Batting: RHB Júlio Serra 0-0: Ground out 6-3 (Groundball, 6)
Batting: RHB Ramón Sánchez 0-0: Called Strike
0-1: Fly out, F7 (Line Drive, 7)
Batting: RHB Fred Wagner 0-0: Ball
1-0: Ball
2-0: Called Strike
2-1: Ball
3-1: Base on Balls
Batting: LHB Todd Emery 0-0: Foul Ball, location: 2F
0-1: Swinging Strike
0-2: Ball
1-2: Foul Ball, location: 2F
1-2: Foul Ball, location: 2F
1-2: Ball
2-2: Ball
3-2: SINGLE (Line Drive, 7LS)
Fred Wagner to second
Fred Wagner to third
Batting: RHB Henry Cahill 0-0: Ball
Pickoff Throw to First - Error! E1
Fred Wagner scores
Todd Emery to second
1-0: Called Strike
1-1: Swinging Strike
1-2: Ball
2-2: Ball
3-2: Base on Balls
Pitching: RHP Ed Castillo
Batting: RHB Galtero Confalonieri 0-0: Ground out U3 (Groundball, 34)
Bottom of the 6th over - 1 run, 1 hit, 1 error, 2 left on base; Punta Cana 4 - Coronado 4
TOP OF THE 7TH
Punta Cana Hutias batting - Pitching for Coronado Eclipse : RHP Robbie Martin
Batting: RHB Mike Martínez 0-0: Called Strike
0-1: Ball
1-1: Ball
2-1: Ball
3-1: Fly out, F8 (Flyball, 8RM)
Pitching: LHP Ryan García
Batting: LHB Harry Davis 0-0: Ball
1-0: Ball
2-0: Called Strike
2-1: Fly out, F8 (Flyball, 78D)
Batting: LHB Don MacNeill 0-0: Called Strike
0-1: Foul Ball, location: 2F
0-2: Ball
1-2: Ball
2-2: Strikes out swinging
Top of the 7th over - 0 runs, 0 hits, 0 errors, 0 left on base; Punta Cana 4 - Coronado 4
BOTTOM OF THE 7TH
Coronado Eclipse batting - Pitching for Punta Cana Hutias : RHP Ed Castillo
Batting: LHB António Ramírez 0-0: Ball
1-0: Ball
2-0: Called Strike
2-1: Ball
3-1: SINGLE (Groundball, 3) (infield hit)
Batting: RHB Arturo Franco 0-0: Called Strike
António Ramírez is caught stealing 2nd base
0-1: Ground out 3-1 (Groundball, 34)
Batting: SHB Luis Sotelo 0-0: Swinging Strike
0-1: Ball
1-1: Fly out, F7 (Flyball, 7D)
Bottom of the 7th over - 0 runs, 1 hit, 0 errors, 0 left on base; Punta Cana 4 - Coronado 4
TOP OF THE 8TH
Punta Cana Hutias batting - Pitching for Coronado Eclipse : LHP Ryan García
Pitching: LHP Luis Rincón
Pinch Hitting: RHB José Matos 0-0: Called Strike
0-1: Ball
1-1: Ball
2-1: Foul Ball, location: 2F
2-2: Strikes out swinging
Batting: RHB Ricardo Murillo 0-0: Ball
1-0: Ball
2-0: Ground out 6-3 (Groundball, 6)
Batting: RHB Alfonso Huerta 0-0: Ball
1-0: Foul Ball, location: 2F
1-1: Ball
2-1: Called Strike
2-2: Ball
3-2: SINGLE (Groundball, 34D)
Batting: LHB Dave Watkins 0-0: Ball
Alfonso Huerta is caught stealing 2nd base
Top of the 8th over - 0 runs, 1 hit, 0 errors, 0 left on base; Punta Cana 4 - Coronado 4
BOTTOM OF THE 8TH
Coronado Eclipse batting - Pitching for Punta Cana Hutias : RHP Ed Castillo
Now in CF: Jorge Ramírez
Batting: RHB Júlio Serra 0-0: Ball
1-0: Ball
2-0: SINGLE (Groundball, 56) (infield hit)
Batting: RHB Ramón Sánchez 0-0: Called Strike
0-1: Fly out, F7 (Flyball, 7LSF)
Batting: RHB Fred Wagner 0-0: Swinging Strike
0-1: Swinging Strike
0-2: Ball
1-2: Foul Ball, location: 2F
1-2: Strikes out swinging
Pinch Hitting: LHB Robby Bland 0-0: Ball
1-0: Ball
2-0: SINGLE (Line Drive, 6MD)
Júlio Serra to second
Batting: RHB Henry Cahill 0-0: Foul Ball, location: 2F
0-1: Foul Ball, location: 2F
0-2: Ball
1-2: Ball
2-2: Foul Ball, location: 2F
2-2: SINGLE (Line Drive, 34)
Júlio Serra to third
Robby Bland to second
Batting: RHB Galtero Confalonieri 0-0: Called Strike
0-1: Fly out, F8 (Flyball, 8RD)
Bottom of the 8th over - 0 runs, 3 hits, 0 errors, 3 left on base; Punta Cana 4 - Coronado 4
TOP OF THE 9TH
Punta Cana Hutias batting - Pitching for Coronado Eclipse : LHP Luis Rincón
Pitching: RHP Juan Ríos
Now in CF: Vincente Ayala
Batting: LHB Dave Watkins 0-0: Ball
1-0: Ball
2-0: Ball
3-0: Base on Balls
Batting: LHB Luis García 0-0: Ball
1-0: Called Strike
1-1: Ball
2-1: Called Strike
2-2: Foul Ball, location: 2F
2-2: Strikes out swinging
Batting: LHB Norberto Garza 0-0: Ball
1-0: Ball
2-0: Swinging Strike
2-1: Ball
3-1: Foul Ball, location: 2F
3-2: Base on Balls
Dave Watkins to second
Batting: RHB Mike Martínez 0-0: Ball
1-0: Ball
2-0: Foul Ball, location: 2F
2-1: Fly out, F7 (Flyball, 7)
Batting: LHB Harry Davis 0-0: Called Strike
0-1: Ball
1-1: 3-RUN HOME RUN (Flyball, 9D), Distance : 403 ft
Batting: LHB Don MacNeill 0-0: Fly out, F8 (Flyball, 8RM)
Top of the 9th over - 3 runs, 1 hit, 0 errors, 0 left on base; Punta Cana 7 - Coronado 4
BOTTOM OF THE 9TH
Coronado Eclipse batting - Pitching for Punta Cana Hutias : RHP Ed Castillo
Pitching: RHP Andrew Shannon
Now at C: Juan Alaniz
Batting: LHB António Ramírez 0-0: Foul Ball, location: 2F
0-1: Ball
1-1: Foul Ball, location: 2F
1-2: Foul Ball, location: 2F
1-2: Reached on error, E5 (Groundball, 56)
Batting: RHB Arturo Franco 0-0: Called Strike
0-1: Foul Ball, location: 2F
0-2: Ball
1-2: Foul Ball, location: 2F
1-2: Ball
2-2: Foul Ball, location: 2F
2-2: Strikes out swinging
Batting: SHB Luis Sotelo 0-0: SINGLE (Groundball, 4MD)
António Ramírez to second
Batting: RHB Júlio Serra 0-0: Foul Ball, location: 2F
0-1: Foul Ball, location: 2F
0-2: Ball
1-2: Strikes out swinging
Batting: RHB Ramón Sánchez 0-0: Fly out, F7 (Flyball, 7)
Bottom of the 9th over - 0 runs, 1 hit, 1 error, 2 left on base; Punta Cana 7 - Coronado 4
Saturday, December 16th, 2017 - OOTP Baseball 18.8 Build 76